 Dungeon Crawl Stone Soup version 0.32-a0-685-g93135e86f0 (webtiles) character file.

Game seed: 6428669617536590448

147 Hubris850 the Shooter (level 5, -6/38 HPs)
             Began as a Coglin Hunter on Mar 12, 2024.
             Was an Initiate of Gozag.
             Shot with an arrow by a centaur (10 damage)
             ... on level 4 of the Dungeon.
             The game lasted 00:04:17 (1693 turns).

Hubris850 the Shooter (Coglin Hunter)               Turns: 1693, Time: 00:04:19

Health: -6/38      AC:  4    Str: 12    XL:     5   Next: 29%
Magic:  5/5        EV: 12    Int:  8    God:    Gozag
Gold:   436        SH:  0    Dex: 19    Spells: 4/4 levels left

rFire   . . .        a - +2 sling {Anan}
rCold   . . .        d - +0 sling {Bastian}
rNeg    . . .        c - +0 leather armour
rPois   .            (no helmet)
rElec   .            (no cloak)
rCorr   .            k - +0 pair of gloves
SInv    .            (no boots)
Will    .....        (amulet unavailable)
Stlth   ++           (ring unavailable)
HPRegen 0.26/turn    (ring unavailable)
MPRegen 0.09/turn    (no gizmo)

%: no passive effects
@: revving
A: off-hand wielding, slow wielding, warmup strikes, no jewellery
a: Invent Gizmo, Renounce Religion, Potion Petition, Call Merchant, Bribe Branch


You were on level 4 of the Dungeon.
You worshipped Gozag.
Gozag was aware of your devotion.
You visited 1 branch of the dungeon, and saw 4 of its levels.

You collected 436 gold pieces.

Inventory:

Hand Weapons
 a - a +2 sling (weapon) {Anan}
 d - a +0 sling (offhand) {Bastian}
 n - a +3 short sword
Armour
 c - a +0 leather armour (worn)
 k - a +0 pair of gloves (worn)
Wands
 s - a wand of flame (23)
Scrolls
 b - a scroll of butterflies
 f - a scroll of torment {unknown}
 g - 2 scrolls of identify {unknown}
 h - 2 scrolls of fog {unknown}
 m - a scroll of fear {unknown}
 o - a scroll of noise {unknown}
 p - a scroll of summoning {unknown}
 q - 2 scrolls of teleportation {unknown}
 r - a scroll of amnesia {unknown}
Potions
 e - a potion of magic {unknown}
 i - a potion of invisibility {unknown}
 j - a potion of ambrosia {unknown}
 l - a potion of enlightenment {unknown}


   Skills:
 - Level 2.0 Fighting
 + Level 5.8 Ranged Weapons
 - Level 1.7 Dodging
 - Level 0.7 Stealth


You had 4 spell levels left.
You didn't know any spells.
Your spell library contained the following spells:

 Spells                   Type           Power      Damage    Failure   Level
 Blink                    Tloc           0%         N/A       63%         2
 Lesser Beckoning         Tloc           0%         N/A       63%         2
 Momentum Strike          Conj/Tloc      0%         3d8       63%         2


Dungeon Overview and Level Annotations

Branches:
Dungeon (4/15)
 Temple: D:4-7

Altars:
Gozag
Okawaru
Xom


Innate Abilities, Weirdness & Mutations

You can wield a second weapon in your off-hand.
It takes a long time for you to wield or remove held weapons.
Your first few attacks do less damage.
You cannot equip rings or amulets.


Message History

You sense a monster nearby.
There is an open door here.
A centaur comes into view.
You shoot a sling bullet. The centaur shouts!
The sling bullet hits the centaur.
The centaur is moderately wounded.
You shoot a sling bullet. The sling bullet hits the centaur.
The centaur is heavily wounded.
The centaur wields a +0 shortbow.
The centaur shoots an arrow.
The arrow hits you.
You shoot a sling bullet. The sling bullet hits the centaur.
The centaur is severely wounded.
You shoot a sling bullet.
The sling bullet barely misses the centaur.
The centaur shoots an arrow.
The arrow hits you!
The centaur shoots an arrow.
The arrow hits you!
* * * LOW HITPOINT WARNING * * *
You are too injured to fight recklessly!
Fire: a) +2 sling {Anan}
Press: ? - help, Q - select action, (/) - cycle Shift-Dir - straight line, f/p - centaur
Aim: a centaur, wielding a +0 shortbow (severely wounded, 74% to hit)
You shoot a sling bullet.
The sling bullet barely misses the centaur.
You shoot a sling bullet. The sling bullet hits the centaur.
The centaur is almost dead.
The centaur shoots an arrow.
The arrow hits you!
* * * LOW HITPOINT WARNING * * *
Fire: a) +2 sling {Anan}
Press: ? - help, Q - select action, (/) - cycle Shift-Dir - straight line, f/p - centaur
Aim: a centaur, wielding a +0 shortbow (severely wounded, 74% to hit)
You shoot a sling bullet.
The sling bullet hits the centaur but does no damage.
The centaur is severely wounded.
You shoot a sling bullet. The sling bullet hits the centaur.
The centaur is almost dead.
The centaur shoots an arrow.
The arrow hits you!
You die...
Your body crumbles into a pile of gold.

### ..#..
#####.#.#
#..<#.#.#
###.#.#.#
#.#.#.#
#.#.#.##.#..
#.#'#.......
#...@#
+....#
#....#
#....#
#....#
#c...#
'....#
##....#


You could see a centaur.

Vanquished Creatures
  A bombardier beetle (D:3)
  Ijyb (D:3)
  3 adders
  2 ribbon worms
  An orc (D:3)
  9 bats
  3 endoplasms
  5 giant cockroaches
  9 hobgoblins
  2 jackals
  2 kobolds (D:2)
  A quokka (D:1)
  5 ball pythons
  3 frilled lizards
  5 goblins
  5 rats
57 creatures vanquished.

Notes
Turn   | Place    | Note
-------+----------+-------------------------------------------
     0 | D:1      | Hubris850 the Coglin Hunter began the quest for the Orb.
     0 | D:1      | Reached XP level 1. HP: 16/16 MP: 1/1
   144 | D:1      | Reached skill level 4 in Ranged Weapons
   144 | D:1      | Reached XP level 2. HP: 22/22 MP: 2/2
   181 | D:1      | Found a faded altar of an unknown god.
   211 | D:1      | Prayed at the altar of an unknown god.
   211 | D:1      | Became a worshipper of Gozag Ym Sagoz the Greedy
   570 | D:2      | Reached XP level 3. HP: 27/27 MP: 3/3
   984 | D:3      | Reached skill level 5 in Ranged Weapons
   984 | D:3      | Reached XP level 4. HP: 33/33 MP: 4/4
  1042 | D:3      | Found an iron altar of Okawaru.
  1221 | D:3      | Found a shimmering altar of Xom.
  1232 | D:3      | Reached XP level 5. HP: 38/38 MP: 5/5
  1307 | D:3      | Noticed Ijyb
  1317 | D:3      | Killed Ijyb
  1689 | D:4      | Noticed a centaur
  1693 | D:4      | Shot with an arrow by a centaur

Illustrated notes

Levels and vault maps discovered:
D:1:      ncdulo_lavacross, layout_basic, ebering_ecumenical_altar_webs,
          st_stairs_13, nrook_mini_vaults
D:2:      layout_rooms
D:3:      layout_loops_ring, xom_confusion_cloud, okawaru_gym_becter, uniq_ijyb
D:4:      layout_basic

Skill      XL: |  1  2  3 |
---------------+----------+-----
Ranged Weapons | 4 5 |  5.8
Fighting       | |  2.0
Dodging        | |  1.7
Stealth        | |  0.7

Action                     |  1- 3 |  4- 6 || total
---------------------------+-------+-------++-------
   Fire: Sling             |   146 |    92 ||   238
 Armour: Leather armour    |     4 |     9 ||    13
  Dodge: Dodged            |     3 |     1 ||     4

Table legend: (Time is in decaauts)
 A = Elapsed time spent in this place.
 B = Non-inter-level travel time spent in this place.
 C = Inter-level travel time spent in this place.
 D = Time resting spent in this place.
 E = Time spent auto-exploring this place.
 F = Levels seen in this place.
 G = Mean time per level.
                   A        B        C        D        E       F      G
               +--------+--------+--------+--------+--------+-----+--------+
         Total |   1717 |   1671 |     46 |      0 |   1321 |   4 |  429.2 |
       Dungeon |   1717 |   1671 |     46 |      0 |   1321 |   4 |  429.2 |
               +--------+--------+--------+--------+--------+-----+--------+

Top non-repeatable levels by time:
     D:3: 733 daAuts
     D:1: 500 daAuts
     D:2: 470 daAuts
     D:4: 13 daAuts
